 Dungeon Crawl Stone Soup version 0.28-a0-687-gb91baff9cc (webtiles) character file.

Game seed: 17373270141884302182

16979 Raultor the Basher (level 12, -8/78 HPs)
             Began as a Gargoyle Monk on Oct 13, 2021.
             Was an Initiate of Gozag.
             Mangled by a death knight (29 damage)
             ... on level 12 of the Dungeon on Oct 19, 2021.
             The game lasted 00:40:20 (14393 turns).

Raultor the Basher (Gargoyle Monk)                 Turns: 14393, Time: 00:40:21

Health: -8/78      AC: 29    Str: 21    XL:     12   Next: 43%
Magic:  12/12      EV: 12    Int: 13    God:    Gozag
Gold:   2607       SH:  0    Dex: 20    Spells: 11/11 levels left

rFire   + . .      SeeInvis .   j - +3 whip (holy)
rCold   + . .      Faith    .   (no shield)
rNeg    + + .      Spirit   .   Y - +2 chain mail {rC+}
rPois   ∞          Reflect  .   A - +2 helmet {Int+3}
rElec   +          Harm     .   d - +2 cloak {rCorr}
rCorr   +          Rampage  .   (no gloves)
Will    .....                   (no boots)
Stlth   ..........              U - amulet of regeneration
HPRegen 1.23/turn               F - ring of Qoshamn {rF+ rN+ rCorr Dex+2}
MPRegen 0.13/turn               D - +6 ring of dexterity

@: no status effects
A: sickness immunity, AC +8, negative energy resistance 1, electricity
resistance, torment resistance 1, petrification resistance
a: Renounce Religion, Potion Petition, Call Merchant, Bribe Branch


You were on level 12 of the Dungeon.
You worshipped Gozag.
Gozag was most pleased with you.
You visited 2 branches of the dungeon, and saw 13 of its levels.
You also visited: Ice Cave.

You collected 2607 gold pieces.


Innate Abilities, Weirdness & Mutations

You are immune to sickness and miasma.
Your stone body is resilient. (AC +8)
You are immune to poison.
You resist negative energy. (rN+)
You are resistant to electric shocks. (rElec)
You are resistant to unholy torment.
You are immune to petrification.


   Skills:
 + Level 10.4 Fighting
 * Level 13.1 Maces & Flails
 + Level 9.9 Armour
 + Level 8.0 Dodging
 - Level 2.1 Stealth


You had 11 spell levels left.
You didn't know any spells.
Your spell library contained the following spells:

 Spells                   Type           Power      Damage    Failure   Level
 Apportation              Tloc           0%         N/A       90%         1
 Summon Small Mammal      Summ           0%         N/A       90%         1
 Call Canine Familiar     Summ           0%         N/A       99%         3
 Summon Guardian Golem    Hex/Summ       0%         N/A       99%         3
 Alistair's Intoxication  Tmut/Pois      0%         N/A       100%        5
 Invisibility             Hex            0%         N/A       100%        6

Inventory:

Hand Weapons
 a - a +0 mace
 e - a +2 whip of freezing
 j - a +3 whip of holy wrath (weapon)
 m - a +3 mace
 E - a +1 flail
Missiles
 q - 7 javelins (quivered)
 G - a throwing net {=f}
Armour
 d - a +2 cloak of preservation (worn)
 h - a +0 cloak
 A - a +2 helmet of intelligence (worn)
 H - a +2 ring mail of poison resistance
 I - a +0 scale mail
 X - a +0 tower shield of cold resistance
 Y - a +2 chain mail of cold resistance (worn)
Jewellery
 p - an amulet of magic regeneration
 v - a ring of see invisible
 C - a ring of ice
 D - a +6 ring of dexterity (right hand)
 F - the ring of Qoshamn (left hand) {rF+ rN+ rCorr Dex+2}
   (You found it on level 7 of the Dungeon)

   [ring of positive energy]

   Dex:       It affects your dexterity (+2).
   rF:        It protects you from fire.
   rN:        It protects you from negative energy.
   rCorr:     It protects you from acid and corrosion.
 P - the ring "Myixzyu" {*Corrode rElec Int+5 Dex+6}
   (You found it in an ice cave)

   [ring of dexterity]

   Int:       It affects your intelligence (+5).
   Dex:       It affects your dexterity (+6).
   rElec:     It insulates you from electricity.
   *Corrode:  It may corrode you when you take damage.
 S - a +6 ring of strength
 T - a +4 ring of protection
 U - an amulet of regeneration (around neck)
 V - an amulet of the acrobat
Wands
 b - a wand of acid (14)
 z - a wand of digging (1)
 J - a wand of flame (16)
 M - a wand of iceblast (4)
 W - a wand of polymorph (9)
Scrolls
 c - 2 scrolls of enchant weapon
 g - a scroll of fog
 i - a scroll of fear
 n - a scroll of blinking {unknown}
 t - a scroll of teleportation {@r2}
 x - 2 scrolls of magic mapping
 y - 2 scrolls of immolation
 B - a scroll of brand weapon {unknown}
 K - a scroll of vulnerability
 L - 2 scrolls of summoning {unknown}
 N - 2 scrolls of amnesia {unknown}
Potions
 f - 5 potions of lignification
 k - 2 potions of berserk rage {!q}
 l - 2 potions of curing {@q1}
 r - 2 potions of ambrosia {unknown}
 s - 2 potions of mutation
 u - a potion of might
 w - 3 potions of flight
 Q - a potion of magic {unknown}
 R - a potion of brilliance
Miscellaneous
 o - a box of beasts
 O - a condenser vane

Dungeon Overview and Level Annotations

Branches:
Dungeon (12/15)            Temple (1/1) D:6            Lair (0/6) D:10
    Orc (0/2) D:10          IceCv (visited)

Altars:
Dithmenos
Gozag
Kikubaaqudgha
Nemelex Xobeh
Qazlal
Trog
Uskayaw
Wu Jian
Zin
Beogh

Annotations:
D:9 3 runed translucent doors, sn0wgr3's ghost, novice GrFi
D:11 3 runed translucent doors, Shadow153's ghost, journeyman DrCj; anonymous's ghost, journeyman DEEE; bmj180's ghost, journeyman DrCj; p0werm0de's ghost, journeyman MiCK

******,*,,,*,**,,..###.#
+,,,,,,*,*,****###.....#
*,,,****,,<#####.......#
*,,,*,,,,,,#...#.#...#.#
*,,,*,,,,,,#...#.#.....#
*****,,,,,,#...#.#.....#
* *,,,,,,#...#.......# *
*,,,####...####....#
*****,*,#.....Wp@.'.##.#
*,,,+,,,#####.#####....#
*,,,********#.****#....#
,,,,**,,,,,,.z,,,,#.##.#
*,,,**,,,,,..W,,,,#....#
*,,,**,,,,,...,,,,#....#
,,,,******.##.**,,#.##.#
*,,,******,**,**,,#....#
*,,,**,**,,**,,,,,#....#


You could see a death knight and a freezing wraith.


Message History

Your body is wracked with pain!
The death knight closely misses you.
You see here a +0 flail.
You whack the death knight!
The death knight is lightly wounded.
The death knight hits you with a +3 great mace!
You hit the death knight but do no damage.
The death knight is lightly wounded.
You hit the death knight.
The death knight is lightly wounded.
The death knight hits you with a +3 great mace.
You hit the death knight but do no damage.
The death knight is lightly wounded.
You whack the death knight!
The death knight is lightly wounded.
The death knight hits you with a +3 great mace!!
* * * LOW HITPOINT WARNING * * *
You closely miss the death knight.
The death knight is lightly wounded.
You hit the death knight.
The death knight is moderately wounded.
The death knight hits you with a +3 great mace!
* * * LOW HITPOINT WARNING * * *
You barely miss the death knight.
The death knight is moderately wounded.
You whack the death knight!
The death knight is moderately wounded.
The death knight hits you with a +3 great mace!!
You die...
Your body crumbles into a pile of gold.

Skill      XL: |  1  2  3  4  5  6  7  8  9 10 11 12 |
---------------+-------------------------------------+-----
Armour         | 1 2 3 4 5 6 8 9 |  9.9
Maces & Flails | 4 5 6 7 9 11 12 13 | 13.1
Fighting       | 4 5 6 7 8 9 10 | 10.4
Dodging        | 3 4 5 6 7 8 |  8.0
Stealth        | |  2.1

Action                   |  1- 3 |  4- 6 |  7- 9 | 10-12 || total
-------------------------+-------+-------+-------+-------++-------
Melee: Mace              |    69 |       |   270 |    39 ||   378
       Whip              |    51 |   170 |   164 |   203 ||   588
       Flail             |       |       |       |   660 ||   660
Evoke: Wand              |       |       |     5 |       ||     5
  Use: Scroll            |       |     3 |       |    12 ||    15
       Potion            |       |       |       |     3 ||     3
 Stab: Sleeping          |     3 |       |       |     1 ||     4
       Distracted        |       |       |       |     4 ||     4
Armor: Robe              |     5 |       |       |       ||     5
       Ring mail         |    58 |    70 |   238 |   391 ||   757
       Chain mail        |       |       |       |    13 ||    13
Dodge: Dodged            |    91 |    70 |   204 |   461 ||   826

Levels and vault maps discovered:
D:1:      kennysheep_arrival_seaside, layout_loops_cross,
          shapermc_ecumenical_altar_notcrosses
D:2:      layout_loops_corners
D:3:      layout_basic, nicolae_qazlal_style_of_elements,
          kiku_gazebo_garden_becter, grunt_ministairs_4, uniq_natasha
D:4:      layout_gridville, nicolae_uskayaw_dance_hall,
          nicolae_dithmenos_the_darkroom
D:5:      layout_loops_ring, pdpol_temple_overflow_zin_treasury_gozag_greed
D:6:      layout_basic, minmay_temple_entry_glass, serial_corexii_hall,
          corexii_hall_statues_x, corexii_hall_statues_l,
          chequers_hall_statues_corner_a, chequers_hall_statues_corner_a,
          chequers_hall_statues_y, corexii_hall_statues_x
D:7:      layout_cave_pods, kennysheep_mini_moat, minmay_statues_item,
          uniq_harold, uniq_crazy_yiuf_cottage
D:8:      layout_basic, st_stairs_1, chequers_serial_rivers_micro_d
D:9:      layout_loops_corners, gammafunk_ghost_spectres
D:10:     cheibrodos_fzero, layout_loops_ring, lemuel_coloured_pillars_altar,
          lair_entry_dummy, minmay_orc_entry_temple_small, bh_walls_and_bars
D:11:     layout_layer_cave, gammafunk_ghost_cemetery, uniq_josephine
D:12:     layout_stronghold, portal_ice_cave_demonic_guard,
          nemelex_xobeh_ov_fountains_minmay
Temple:   eino_temple_water

Notes
Turn   | Place    | Note
-------+----------+-------------------------------------------
     0 | D:1      | Raultor the Gargoyle Monk began the quest for the Orb.
     0 | D:1      | Reached XP level 1. HP: 14/14 MP: 1/1
   102 | D:1      | Reached XP level 2. HP: 16/19 MP: 2/2
   170 | D:1      | Found a faded altar of an unknown god.
   908 | D:2      | Reached skill level 1 in Armour
  1022 | D:2      | Reached XP level 3. HP: 23/23 MP: 3/3
  1923 | D:3      | Found a stormy altar of Qazlal.
  1923 | D:3      | Noticed an earth elemental
  2069 | D:3      | Noticed a fire elemental
  2072 | D:3      | Noticed an air elemental
  2072 | D:3      | Noticed a water elemental
  2106 | D:3      | Reached XP level 4. HP: 29/29 MP: 4/4
  2109 | D:3      | Noticed Natasha
  2126 | D:3      | Killed Natasha
  2127 | D:3      | Reached skill level 4 in Maces & Flails
  2264 | D:3      | Reached skill level 4 in Fighting
  2264 | D:3      | Reached skill level 3 in Dodging
  2264 | D:3      | Reached XP level 5. HP: 33/33 MP: 5/5
  2355 | D:3      | Reached skill level 2 in Armour
  2405 | D:3      | Noticed Natasha
  2416 | D:3      | Killed Natasha
  2558 | D:3      | Found an ancient bone altar of Kikubaaqudgha.
  2876 | D:3      | Identified a potion of resistance
  3026 | D:4      | Reached XP level 6. HP: 17/39 MP: 6/6
  3250 | D:4      | Found a shadowy altar of Dithmenos.
  3537 | D:4      | Found a hide-covered altar of Uskayaw.
  3623 | D:4      | Reached skill level 5 in Maces & Flails
  3720 | D:5      | Entered Level 5 of the Dungeon
  3734 | D:5      | Reached skill level 3 in Armour
  4046 | D:5      | Reached XP level 7. HP: 27/44 MP: 7/7
  4271 | D:5      | Identified the +0 leather armour "Nadaef" {rElec Will-
                  | Int+5}
  4452 | D:5      | Reached skill level 5 in Fighting
  4636 | D:5      | Found a glowing silver altar of Zin.
  4685 | D:5      | Found an opulent altar of Gozag.
  4697 | D:5      | Became a worshipper of Gozag Ym Sagoz the Greedy
  4762 | D:5      | HP: 4/44 [orc warrior (9)]
  4763 | D:5      | HP: 1/44 [orc warrior (3)]
  5090 | D:5      | Reached skill level 6 in Maces & Flails
  5428 | D:6      | HP: 2/44 [orc priest/divine providence (13)]
  5740 | D:6      | Reached skill level 4 in Armour
  5802 | D:6      | Found a staircase to the Ecumenical Temple.
  5830 | D:6      | Reached skill level 4 in Dodging
  5830 | D:6      | Reached XP level 8. HP: 46/49 MP: 8/8
  6410 | D:6      | Reached skill level 7 in Maces & Flails
  6529 | D:6      | Reached skill level 6 in Fighting
  6661 | D:6      | Reached skill level 5 in Armour
  6745 | D:6      | Reached XP level 9. HP: 55/55 MP: 9/9
  7014 | Temple   | Entered the Ecumenical Temple
  7198 | D:7      | HP: 3/55 [something (4)]
  7203 | D:7      | HP: 5/55 [something (4)]
  7203 | D:7      | Killed an unseen horror
  7410 | D:7      | Reached skill level 8 in Maces & Flails
  7427 | D:7      | Reached skill level 5 in Dodging
  7501 | D:7      | Found a bloodstained altar of Trog.
  7670 | D:7      | Identified the +1 falchion of Midwinter {vamp, Int+2}
  7692 | D:7      | Identified the ring of Qoshamn {rF+ rN+ rCorr Dex+2}
  7780 | D:7      | Noticed Harold
  7797 | D:7      | Killed Harold
  7798 | D:7      | Reached skill level 7 in Fighting
  7798 | D:7      | Reached skill level 9 in Maces & Flails
  7798 | D:7      | Reached skill level 6 in Armour
  7950 | D:7      | Found a runed translucent door.
  7951 | D:7      | Noticed Crazy Yiuf
  8080 | D:7      | Killed Crazy Yiuf
  8279 | D:8      | Noticed a green ugly thing
  8307 | D:8      | Killed a green ugly thing
  8308 | D:8      | Reached XP level 10. HP: 64/64 MP: 10/10
  8979 | D:8      | Reached skill level 7 in Armour
  9138 | D:9      | Reached skill level 6 in Dodging
  9328 | D:9      | Reached skill level 8 in Fighting
  9551 | D:9      | Reached skill level 10 in Maces & Flails
  9739 | D:9      | Noticed a centaur warrior
  9754 | D:9      | Killed a centaur warrior
  9989 | D:9      | Found a runed translucent gate.
  9990 | D:9      | Found a runed translucent gate.
  9991 | D:9      | Found a runed translucent gate.
  9992 | D:9      | Noticed sn0wgr3's ghost (novice GrFi)
 10221 | D:10     | Entered Level 10 of the Dungeon
 10221 | D:10     | Found a staircase to the Orcish Mines.
 10229 | D:10     | Noticed a two-headed ogre
 10239 | D:10     | Noticed a centaur warrior
 10313 | D:10     | Noticed a kobold demonologist
 10315 | D:10     | Noticed a smoke demon
 10317 | D:10     | Noticed an ogre mage
 10520 | D:10     | Noticed a gargoyle
 10541 | D:9      | Killed a gargoyle
 10582 | D:10     | Paralysed by an ogre mage for 3 turns
 10650 | D:9      | Killed an ogre mage
 10651 | D:9      | Reached skill level 11 in Maces & Flails
 10651 | D:9      | Reached skill level 8 in Armour
 10651 | D:9      | Reached XP level 11. HP: 49/69 MP: 11/11
 10782 | D:10     | Found a staircase to the Lair.
 10945 | D:10     | Reached skill level 9 in Fighting
 11033 | D:10     | Killed a centaur warrior
 11064 | D:10     | Reached skill level 7 in Dodging
 11647 | D:10     | Found an ornate altar of the Wu Jian Council.
 12185 | D:11     | Noticed a cyclops
 12200 | D:11     | Killed a cyclops
 12394 | D:11     | Noticed Josephine
 12429 | D:11     | Reached skill level 12 in Maces & Flails
 12434 | D:11     | Reached skill level 9 in Armour
 12450 | D:11     | Found a runed translucent gate.
 12450 | D:11     | Found a runed translucent gate.
 12450 | D:11     | Found a runed translucent gate.
 12450 | D:11     | Noticed bmj180's ghost (journeyman DrCj)
 12450 | D:11     | Noticed Shadow153's ghost (journeyman DrCj)
 12451 | D:11     | Noticed anonymous's ghost (journeyman DEEE)
 12451 | D:11     | Noticed p0werm0de's ghost (journeyman MiCK)
 12607 | D:11     | Killed Josephine
 13204 | D:11     | Reached XP level 12. HP: 65/77 MP: 12/12
 13238 | D:12     | Reached skill level 10 in Fighting
 13247 | D:12     | Upgraded the game from 0.28-a0-657-g71136c5590 to
                  | 0.28-a0-687-gb91baff9cc
 13297 | D:12     | Found a frozen archway.
 13331 | IceCv    | Entered an ice cave
 13604 | IceCv    | Noticed a white draconian
 13627 | IceCv    | HP: 2/77 [white draconian (10)]
 13632 | IceCv    | HP: 6/77 [white draconian/blast of cold (1)]
 13701 | IceCv    | HP: 2/77 [komodo dragon simulacrum (22)]
 13825 | IceCv    | Killed a white draconian
 13933 | IceCv    | Reached skill level 13 in Maces & Flails
 13933 | IceCv    | Reached skill level 8 in Dodging
 14124 | IceCv    | Identified the ring "Myixzyu" {*Corrode rElec Int+5 Dex+6}
 14290 | D:12     | Found a sparkling altar of Nemelex Xobeh.
 14378 | D:12     | Noticed a death knight
 14393 | D:12     | Mangled by a death knight

Vanquished Creatures
  A white draconian (IceCv)
  Josephine (D:11)
  Harold (D:7)
  2 centaur warriors
  An ogre mage (D:9)
  A skeletal warrior (D:12)
  An ugly thing (D:8)
  A cyclops (D:11)
  2 ice statues (IceCv)
  A gargoyle (D:9)
  An unseen horror (D:11)
  A kobold demonologist (D:10)
  4 rime drakes (IceCv)
  2 trolls
  2 ice devils (D:12)
  3 hornets
  A wyvern (D:8)
  2 shadows
  4 wraiths
  7 yaks
  2 steam dragons
  A basilisk (D:10)
  A vampire mosquito (D:9)
  3 water moccasins
  4 orc warriors
  An ice beast (D:6)
  2 sky beasts
  A necrophage (D:7)
  An ogre (D:6)
  6 centaurs
  A phantom (D:6)
  5 kobold brigands
  A gnoll sergeant (D:9)
  A bullfrog (D:8)
  A wyvern zombie (D:7)
  4 scorpions
  2 water moccasin skeletons
  A wyvern skeleton (D:7)
  9 killer bees
  3 lindwurm simulacra (IceCv)
  5 wights (D:6)
  7 howler monkeys
  3 centaur zombies
  A centaur skeleton (D:3)
  4 hounds
  6 komodo dragon simulacra (IceCv)
  A bullfrog skeleton (D:5)
  A gnoll shaman (D:6)
  2 jellies
  7 orc priests
  Crazy Yiuf (D:7)
  Natasha (twice) (D:3)
  11 orc wizards
  3 howler monkey zombies
  12 gnolls
  8 acid dragon simulacra (IceCv)
  6 adders
  A shadow imp (D:6)
  A white imp (D:5)
  4 steam dragon simulacra (IceCv)
  2 worms
  A dart slug (D:4)
  36 orcs
  6 endoplasms
  6 giant cockroaches
  4 goblins
  10 hobgoblins
  24 kobolds
  A quokka (D:5)
  6 ball pythons
  6 bats
  3 frilled lizards
  5 rats
285 creatures vanquished.

Vanquished Creatures (others)
  An unseen horror (D:7)
  An orc wizard (D:6)
  An iguana (D:7)
3 creatures vanquished.

Grand Total: 288 creatures vanquished

Table legend: (Time is in decaauts)
 A = Elapsed time spent in this place.
 B = Non-inter-level travel time spent in this place.
 C = Inter-level travel time spent in this place.
 D = Time resting spent in this place.
 E = Time spent auto-exploring this place.
 F = Levels seen in this place.
 G = Mean time per level.
                   A        B        C        D        E       F      G
               +--------+--------+--------+--------+--------+-----+--------+
         Total |  14151 |  13722 |    429 |    527 |   9709 |  14 | 1010.8 |
       Dungeon |  13337 |  12908 |    429 |    365 |   9491 |  12 | 1111.4 |
        Temple |      1 |      1 |      0 |      0 |      0 |   1 |    1.0 |
      Ice Cave |    812 |    812 |      0 |    162 |    218 |   1 |  812.0 |
               +--------+--------+--------+--------+--------+-----+--------+

Top non-repeatable levels by time:
     D:6: 1704 daAuts
     D:9: 1444 daAuts
    D:11: 1407 daAuts
     D:5: 1322 daAuts
    D:10: 1159 daAuts
     D:7: 1139 daAuts
     D:2: 1040 daAuts
     D:4: 1032 daAuts
     D:3: 1001 daAuts
     D:8: 946 daAuts
     D:1: 890 daAuts
   IceCv: 812 daAuts
    D:12: 248 daAuts
  Temple: 1 daAuts

Table legend:
 A = Non-vault XP
 B = Vault XP
 C = Vault XP percentage of total XP
 D = Non-vault monster count
 E = Vault monster count
 F = Vault count percentage of total count
                 A         B        C        D         E       F
            +---------+---------+-------+---------+---------+-------
      Total |   13076 |   11180 |  46.1 |     220 |      67 |  23.3
            +---------+---------+-------+---------+---------+-------
        D:1 |      27 |       0 |   0.0 |      17 |       0 |   0.0
        D:2 |      35 |       0 |   0.0 |      19 |       0 |   0.0
        D:3 |     109 |      41 |  27.3 |      15 |       3 |  16.7
        D:4 |     270 |       0 |   0.0 |      20 |       0 |   0.0
        D:5 |     564 |       0 |   0.0 |      17 |       0 |   0.0
        D:6 |    1313 |       0 |   0.0 |      35 |       0 |   0.0
        D:7 |    1241 |     913 |  42.4 |      15 |       2 |  11.8
        D:8 |    1124 |     132 |  10.5 |      12 |       2 |  14.3
        D:9 |    2702 |    1275 |  32.1 |      23 |       6 |  20.7
       D:10 |    1245 |    3047 |  71.0 |      17 |      20 |  54.1
       D:11 |    3279 |    1509 |  31.5 |      27 |       4 |  12.9
       D:12 |    1167 |     656 |  36.0 |       3 |       2 |  40.0
      IceCv |       0 |    3607 | 100.0 |       0 |      28 | 100.0
            +---------+---------+-------+---------+---------+-------
